 Dungeon Crawl Stone Soup version 0.31.0-11-ge490571c62 (webtiles) character file.

Game seed: 12172228493454589237

568 Flugkiller the Trooper (level 7, -6/64 HPs)
             Began as a Minotaur Fighter on Jan 29, 2024.
             Was a Follower of Okawaru.
             Killed by divine providence
             ... invoked by an orc priest
              (15 damage)
             ... on level 4 of the Dungeon.
             The game lasted 00:01:46 (3033 turns).

Flugkiller the Trooper (Minotaur Fighter)           Turns: 3033, Time: 00:01:47

Health: -6/64      AC: 18    Str: 22    XL:     7   Next: 11%
Magic:  7/7        EV:  6    Int:  5    God:    Okawaru [*.....]
Gold:   181        SH:  0    Dex: 10    Spells: 6/6 levels left

rFire   . . .        a - +0 war axe
rCold   . . .        c - +0 buckler
rNeg    . . .        i - +0 plate armour
rPois   .            (helmet restricted)
rElec   .            v - +2 cloak
rCorr   .            j - +2 pair of gloves
SInv    .            (no boots)
Will    +....        (no amulet) Stlth
                     m - ring of willpower
HPRegen 0.30/turn    (no ring)
MPRegen 0.10/turn

%: no passive effects
@: confused, ambrosia-drunk
A: horns 2, retaliatory headbutt
a: Renounce Religion, Heroism


You were on level 4 of the Dungeon.
You worshipped Okawaru.
Okawaru was aware of your devotion.
You visited 1 branch of the dungeon, and saw 4 of its levels.

You collected 181 gold pieces.

Inventory:

Hand Weapons
 a - a +0 war axe (weapon)
Armour
 b - a +0 scale mail
 c - a +0 buckler (worn)
 i - a +0 plate armour (worn)
   (You found it on level 1 of the Dungeon)
 j - a +2 pair of gloves (worn)
   (You found it on level 2 of the Dungeon)
 v - a +2 cloak (worn)
   (You found it on level 4 of the Dungeon)
Jewellery
 m - a ring of willpower (left hand)
   (You found it on level 3 of the Dungeon)
Scrolls
 e - a scroll of poison
 f - 2 scrolls of enchant armour
 h - a scroll of butterflies
 k - a scroll of vulnerability
 l - a scroll of brand weapon {unknown}
 o - a scroll of revelation
Potions
 d - a potion of might
 n - a potion of invisibility
 p - a potion of lignification {unknown}
 u - 2 potions of heal wounds {unknown}


   Skills:
 * Level 6.3 Fighting
 * Level 5.6 Axes
 + Level 5.0 Armour
 + Level 5.0 Shields
 + Level 1.3 Invocations


You had 6 spell levels left.
You didn't know any spells.
Your spell library contained the following spells:

 Spells                   Type           Power      Damage    Failure   Level
 Magic Dart               Conj           0%         1d3       100%        1
 Slow                     Hex            0%         N/A       100%        1
 Lesser Beckoning         Tloc           0%         N/A       100%        2
 Searing Ray              Conj           0%         2d4       100%        2
 Confusing Touch          Hex            0%         N/A       100%        3
 Gell's Gravitas          Tloc           0%         N/A       100%        3
 Sigil of Binding         Hex            0%         N/A       100%        3
 Teleport Other           Tloc           0%         N/A       100%        3
 Vampiric Draining        Necr           0%         2d6       100%        3
 Dimensional Bullseye     Hex/Tloc       0%         N/A       100%        4
 Fulminant Prism          Conj/Alch      0%         3d5       100%        4
 Call Canine Familiar     Summ           Unusable   N/A       N/A         3

Dungeon Overview and Level Annotations

Branches:
Dungeon (4/15)
 Temple: D:4-7

Altars:
Gozag
Okawaru
Uskayaw

Annotations:
D:4 2 runed translucent doors, TobyConnect's ghost, weakling HuDe


Innate Abilities, Weirdness & Mutations

You have a pair of horns on your head.
You reflexively headbutt those who attack you in melee.


Message History

There is an open gate here.
Found a hide-covered altar of Uskayaw.
o - a scroll of revelation
There is an open gate here.
There is an open door here.
TobyConnect's ghost shouts, "You will never get the ORB!"
An ogre comes into view. It is wielding a +0 giant club.
Found 14 gold pieces.
The ogre shouts!
An orc priest comes into view. It is wielding a +0 mace.
The orc priest shouts!
An orc priest comes into view. It is wielding a +0 club.
The orc priest moves out of view.
An orc comes into view. It is wielding a +0 dagger.
The orc priest shouts!
The orc shouts!
Found a stone staircase leading up.
The ogre hits you with a +0 giant club!!
You slash the ogre! You headbutt the ogre.
The ogre is severely wounded.
You block the ogre's attack.
You hit the ogre.
The ogre is severely wounded.
You closely miss the orc priest.
The orc priest hits you but does no damage.
You block the ogre's attack. You block the orc priest's attack.
You hit the ogre. You headbutt the ogre.
You kill the ogre!
Okawaru is honoured by your kill.
You can now gain great but temporary skills.
You closely miss the orc priest.
The orc priest hits you but does no damage.
Your Armour skill increases to level 5!
You have reached level 7!
The orc priest attacks as it pursues you!
You block the orc priest's attack.
You slash the orc priest! You headbutt the orc priest.
The orc priest is almost dead.
The orc priest mumbles some strange prayers to Beogh against you.
You resist with some effort.
You barely miss the orc priest. Your headbutt misses the orc priest.
The orc priest is almost dead.
The orc priest invokes the aid of Beogh against you.
Pain shoots through your body!
You barely miss the orc priest.
The orc priest is almost dead.
The orc priest hits you but does no damage.
The orc priest looks encouraged for a moment.
You closely miss the orc priest.
The orc priest is almost dead.
The orc priest looks satisfied for a moment.
The orc priest looks encouraged for a moment.
You barely miss the orc priest.
The orc priest is almost dead.
The orc priest calls upon Beogh to heal the orc priest.
The orc priest is healed somewhat.
The orc priest begins to cast a cantrip, but forgets the words!
You hit the orc priest.
The orc priest is severely wounded.
You barely miss the orc priest.
The orc priest is severely wounded.
The orc priest mumbles some strange prayers to Beogh against you.
Beogh smites you!
The orc priest hits you but does no damage.
Okay, then.
You barely miss the orc priest. Your headbutt misses the orc priest.
The orc priest is severely wounded.
You slash the orc priest! The orc priest hits you with a +0 mace.
The orc priest hits you but does no damage.
The orc priest mumbles some strange prayers to Beogh against you.
Beogh smites you!
* * * LOW HITPOINT WARNING * * *
Unknown command.
You barely miss the orc priest.
The orc priest is severely wounded.
You closely miss the orc priest.
The orc priest hits you but does no damage.
The orc priest barely misses you.
Unknown command.
You slash the orc priest!
You kill the orc priest!
Okawaru accepts your kill.
You hit the orc priest.
Your Shields skill increases to level 5!
Unknown command.
You closely miss the orc priest.
The orc priest is severely wounded.
The orc priest begins to cast a cantrip, but forgets the words!
The orc priest calls down the wrath of Beogh upon you.
Beogh smites you!
* * * LOW HITPOINT WARNING * * *
You block the orc's attack.
Unknown command.
You are confused.
You feel invigorated. The orc hits you but does no damage.
The orc priest begins to cast a cantrip, but forgets the words!
Unknown command.
The orc hits you but does no damage.
The orc priest calls down the wrath of Beogh upon you.
Beogh smites you!
You die...

,* ###.......<.....##.. ,*
#......)...##.#.###. ,*
*.#.........#.#...(. ,*
*********,#..#..##.########. ,*
*,,,,,,,,,#......#...+_+.... ,*
*,******###.#.#......###.... ,*
*,*######......#.####†.#.###
,*****,*#......#.####......)...#.
,,,,,,,*#.<....#@.....##########)
*++*****#.....)oo##....##.~###...
~,,~~~* #...$.#####....#W≈#.##...
~,,~~~* #....,* #....#.⌠.(##...
**,*~~* #...,,* #....+.~.!.####
*,,,,~* #..,,,* ##...+.#~≈#####
,,,*,~* #.,,,,* ##..#.~~..####
*^**~~* #****** #...#..≈###..#
~,,~~~* #.###?##.##...


You could see an orc priest and an orc.

Vanquished Creatures
  2 ogres (D:4)
  A phantom (D:4)
  A hound (D:3)
  Crazy Yiuf (D:2)
  An orc priest (D:4)
  Jessica (D:3)
  Ijyb (D:3)
  Natasha (D:3)
  Terence (D:2)
  Robin (D:2)
  5 adders
  A dart slug (D:2)
  2 orcs
  7 endoplasms
  5 giant cockroaches
  15 goblins
  9 hobgoblins
  9 kobolds
  2 quokkas
  9 ball pythons
  4 bats
  A frilled lizard (D:3)
  7 rats
87 creatures vanquished.

Notes
Turn   | Place    | Note
-------+----------+-------------------------------------------
     0 | D:1      | Flugkiller the Minotaur Fighter began the quest for the
                  | Orb.
     0 | D:1      | Reached XP level 1. HP: 19/19 MP: 0/0
    82 | D:1      | You fall into a shaft and drop 1 floor!
   118 | D:1      | Reached XP level 2. HP: 27/27 MP: 1/1
   216 | D:1      | Reached skill level 4 in Fighting
   392 | D:1      | Reached XP level 3. HP: 33/33 MP: 2/2
  1290 | D:2      | Noticed Terence
  1301 | D:2      | Killed Terence
  1302 | D:2      | Reached XP level 4. HP: 36/41 MP: 3/3
  1329 | D:2      | Noticed Robin
  1336 | D:2      | Killed Robin
  1481 | D:2      | Found a runed translucent door.
  1482 | D:2      | Noticed Crazy Yiuf
  1663 | D:2      | Killed Crazy Yiuf
  1664 | D:2      | Reached skill level 5 in Fighting
  1727 | D:3      | Found an opulent altar of Gozag.
  1745 | D:3      | Reached XP level 5. HP: 48/48 MP: 4/4
  1761 | D:3      | Noticed Natasha
  1763 | D:3      | Killed Natasha
  1807 | D:3      | Noticed Ijyb
  1818 | D:3      | Killed Ijyb
  2004 | D:3      | Noticed Jessica
  2007 | D:3      | Killed Jessica
  2043 | D:3      | Found an iron altar of Okawaru.
  2071 | D:3      | Became a worshipper of Warmaster Okawaru
  2334 | D:3      | Reached XP level 6. HP: 48/57 MP: 5/5
  2573 | D:4      | Found a large runed translucent door.
  2573 | D:4      | Found a large runed translucent door.
  2575 | D:4      | Noticed TobyConnect's ghost (weakling HuDe)
  2659 | D:4      | Reached skill level 5 in Axes
  2936 | D:4      | Reached skill level 6 in Fighting
  2936 | D:4      | Reached skill level 1 in Invocations
  2975 | D:4      | Found a hide-covered altar of Uskayaw.
  3019 | D:4      | Reached * piety under Okawaru
  3020 | D:4      | Reached skill level 5 in Armour
  3020 | D:4      | Reached XP level 7. HP: 40/63 MP: 6/6
  3031 | D:4      | Reached skill level 5 in Shields
  3031 | D:4      | HP: 1/64 [orc priest/divine providence (12)]
  3033 | D:4      | Killed from afar by an orc priest

Illustrated notes

Levels and vault maps discovered:
D:1:      psy_arrival_radial02, layout_loops_ring
D:2:      layout_rooms, kennysheep_donut, uniq_terence, uniq_robin,
          uniq_crazy_yiuf_cottage
D:3:      layout_loops_ring, grunt_gozag_statues, okawaru_metal_pillars_1_2,
          minmay_misc_feat_square, uniq_ijyb, uniq_natasha, uniq_jessica
D:4:      layout_basic, kennysheep_mini, mainiacjoe_overflow_alcove_4,
          ebering_ghost_disaster_area, kennysheep_generic_room_4

Skill      XL: |  1  2  3  4  5  6  7 |
---------------+----------------------+-----
Fighting       | 4 5 6 |  6.3
Axes           | 3 4 5 |  5.6
Armour         | 4 5 |  5.0
Shields        | 4 5 |  5.0
Invocations    | 1 |  1.3

Action                     |  1- 3 |  4- 6 |  7- 9 || total
---------------------------+-------+-------+-------++-------
  Melee: War axe           |    97 |    85 |    11 ||   193
         Headbutt          |     9 |    16 |     1 ||    26
    Use: Potion            |     1 |       |     1 ||     2
         Scroll            |       |     9 |       ||     9
 Armour: Scale mail        |    30 |       |       ||    30
         Plate armour      |    51 |    66 |     7 ||   124
  Dodge: Dodged            |    31 |    27 |     1 ||    59
  Block: Buckler           |    18 |    16 |     2 ||    36
